 Dungeon Crawl Stone Soup version 0.29-a0-757-g358383bc75 (webtiles) character file.

Game seed: 13970139644344503715

216476 frimble the Warrior (level 18, -3/174 HPs)
             Began as a Minotaur Hunter on July 1, 2022.
             Was a High Priest of Okawaru.
             Slain by a white very ugly thing (49 damage)
             ... on level 15 of the Dungeon.
             The game lasted 01:01:53 (43172 turns).

frimble the Warrior (Minotaur Hunter)              Turns: 43172, Time: 01:01:53

Health: -3/174     AC: 16    Str: 25 (27) XL:     18   Next: 36%
Magic:  33/33      EV: 27    Int:  5 (10) God:    Okawaru [*****.]
Gold:   2527       SH: 22    Dex: 28      Spells: 10/17 levels left

rFire   + . .      SeeInvis +   a - +10 zealot's sword {holy, *Rage rN+ EV+3}
rCold   . . .      Faith    .   P - +5 kite shield of the Valley {rPois Regen+ MP+9 Int-4}
rNeg    + . .      Spirit   .   K - +4 troll leather armour
rPois   +          Reflect  .   H - +2 hat {Will+}
rElec   +          Harm     .   d - +0 cloak
rCorr   .          Rampage  .   s - +5 pair of gloves "Qisat" {Will+ Str+2}
Will    +++..      Rage     20% j - +2 pair of boots "Siejir" {Int+4 SInv Stlth+}
Stlth   ++++++....              F - amulet of Yendor {RegenMP rElec}
HPRegen 1.99/turn               z - +6 ring of dexterity
MPRegen 0.63/turn               M - ring of Joygeregh {rPois Str+7 Dex+6}

@: about to teleport, heroic, corroded
A: horns 2, retaliatory headbutt, deterioration 2, fire resistance 1, poison
resistance, sturdy frame 1
}: 1/15 runes: abyssal
a: Renounce Religion, Heroism, Finesse, Duel


You were on level 15 of the Dungeon.
You worshipped Okawaru.
Okawaru was extremely pleased with you.
You visited 6 branches of the dungeon, and saw 28 of its levels.
You visited the Abyss 3 times.
You also visited: Ice Cave and Desolation.

You collected 3344 gold pieces.
You spent 817 gold pieces at shops.

Inventory:

Hand Weapons
 a - the +10 zealot's sword (weapon) {holy, *Rage rN+ EV+3}
   (You took it off a deep elf archer on level 2 of the Orcish Mines)

   It has been blessed by the Shining One to cause great damage to the undead
   and demons.
   Whenever the wielder enters a berserk rage, their allies are berserked
   alongside them.
   EV:        It affects your evasion (+3).
   rN:        It protects you from negative energy.
   *Rage:     It berserks you when you make melee attacks (+20% chance).
 b - a +6 demon blade of electrocution
 u - the +3 Elemental Staff {rElec rF++ rC++ AC+5}
   (You acquired it on level 1 of the Elven Halls)

   If the wielder is skilled in Evocations, they can discharge powerful blasts
   of elemental energy when striking with it.
   It enhances your fire, ice, earth and air magic.
   AC:        It affects your AC (+5).
   rF:        It greatly protects you from fire.
   rC:        It greatly protects you from cold.
   rElec:     It insulates you from electricity.
Missiles
 C - 19 javelins
 G - 11 silver javelins (quivered)
Armour
 d - a +0 cloak (worn)
 j - the +2 pair of boots "Siejir" (worn) {Int+4 SInv Stlth+}
   (Okawaru gifted it to you on level 15 of the Dungeon)

   Int:       It affects your intelligence (+4).
   SInv:      It lets you see invisible.
   Stlth:     It makes you more stealthy.
 s - the +5 pair of gloves "Qisat" (worn) {Will+ Str+2}
   (Okawaru gifted it to you on level 3 of the Abyss)

   Str:       It affects your strength (+2).
   Will:      It increases your willpower.
 H - a +2 hat of willpower (worn)
 K - a +4 troll leather armour (worn)
 P - the +5 kite shield of the Valley (worn) {rPois Regen+ MP+9 Int-4}
   (Okawaru gifted it to you on level 3 of the Elven Halls)

   Int:       It affects your intelligence (-4).
   rPois:     It protects you from poison.
   MP:        It affects your magic capacity (+9).
   Regen:     It increases your rate of health regeneration.
 W - the +0 pair of gloves "Jaitumm" {rF+ Will+}
   (You found it on level 4 of the Lair of Beasts)

   rF:        It protects you from fire.
   Will:      It increases your willpower.
Jewellery
 i - a +6 ring of dexterity
 p - a ring of resist corrosion
 w - the amulet "Zaec" {Acrobat Str+4 Slay+3 Stlth-}
   (You found it in the Desolation of Salt)

   [amulet of the acrobat]

   It increases your evasion while moving and waiting.
   Str:       It affects your strength (+4).
   Slay:      It affects your accuracy & damage with ranged weapons and melee
   (+3).
   Stlth:     It makes you less stealthy.
 z - a +6 ring of dexterity (left hand)
 A - a ring of wizardry
 F - the amulet of Yendor (around neck) {RegenMP rElec}
   (You bought it in a shop on level 1 of the Elven Halls)

   [amulet of magic regeneration]

   It increases your rate of magic regeneration.
   rElec:     It insulates you from electricity.
 M - the ring of Joygeregh (right hand) {rPois Str+7 Dex+6}
   (You found it in the Desolation of Salt)

   [ring of poison resistance]

   Str:       It affects your strength (+7).
   Dex:       It affects your dexterity (+6).
   rPois:     It protects you from poison.
 R - a ring of flight
 S - the ring of Yrotis {rC- Str+8 Dex+3 SInv}
   (You took it off a deep elf elementalist on level 3 of the Elven Halls)

   [ring of see invisible]

   Str:       It affects your strength (+8).
   Dex:       It affects your dexterity (+3).
   rC:        It makes you vulnerable to cold.
   SInv:      It lets you see invisible.
Wands
 h - a wand of polymorph (15)
 n - a wand of digging (6)
 r - a wand of acid (3)
 x - a wand of iceblast (24)
 N - a wand of paralysis (17)
 O - a wand of flame (16)
 U - a wand of mindburst (11)
Scrolls
 l - 4 scrolls of immolation
 v - 2 scrolls of torment
 y - 10 scrolls of teleportation
 E - 2 scrolls of blinking
 J - 2 scrolls of silence
 L - 9 scrolls of identify
 Q - 2 scrolls of brand weapon
 T - 2 scrolls of fear
 V - 4 scrolls of amnesia
 Y - 4 scrolls of vulnerability
Potions
 e - 7 potions of flight
 g - 3 potions of resistance
 m - 9 potions of curing
 o - 7 potions of brilliance
 q - 7 potions of magic
 t - 6 potions of cancellation
 B - a potion of invisibility
 D - 10 potions of heal wounds
 I - 3 potions of haste
 Z - a potion of might
Miscellaneous
 X - a tin of tremorstones (2/2)


   Skills:
 + Level 18.9(23.9) Fighting
 - Level 16.1(21.1) Long Blades
 - Level 12.0(17.0) Staves
 - Level 15.1(20.1) Ranged Weapons
 - Level 8.8(13.8) Throwing
 - Level 8.0(13.0) Armour
 - Level 7.1(12.1) Dodging
 - Level 4.0(9.0) Stealth
 + Level 12.3(17.3) Shields
 - Level 10.0 Invocations
 - Level 10.0 Evocations


You had 10 spell levels left.
You knew the following spells:

 Your Spells              Type           Power      Damage    Failure   Level
a - Statue Form           Tmut/Erth      0%         N/A       100%        6
b - Apportation           Tloc           0%         N/A       65%         1

Your spell library contained the following spells:

 Spells                   Type           Power      Damage    Failure   Level
 Freeze                   Ice            0%         1d3       65%         1
 Magic Dart               Conj           0%         1d3       65%         1
 Necrotize                Necr           0%         1d4       65%         1
 Shock                    Conj/Air       0%         1d3       65%         1
 Slow                     Hex            0%         N/A       65%         1
 Sting                    Tmut/Pois      0%         1d3       65%         1
 Poisonous Vapours        Pois/Air       0%         N/A       78%         2
 Scorch                   Fire           0%         2d5       78%         2
 Static Discharge         Conj/Air       0%         N/A       78%         2
 Sublimation of Blood     Necr           0%         N/A       78%         2
 Dazzling Flash           Conj/Hex       0%         N/A       95%         3
 Frozen Ramparts          Ice            0%         1d2       95%         3
 Ignite Poison            Fire/Tmut/Pois 0%         N/A       95%         3
 Inner Flame              Hex/Fire       0%         N/A       95%         3
 Mephitic Cloud           Conj/Pois/Air  0%         N/A       95%         3
 Ozocubu's Armour         Ice            0%         N/A       95%         3
 Spider Form              Tmut/Pois      0%         N/A       95%         3
 Vampiric Draining        Necr           0%         2d6       95%         3
 Anguish                  Hex/Necr       0%         N/A       100%        4
 Cause Fear               Hex            0%         N/A       100%        4
 Dispel Undead            Necr           0%         3d6       100%        4
 Flame Wave               Conj/Fire      0%         2d4       100%        4
 Hailstorm                Conj/Ice       0%         3d3       100%        4
 Iskenderun's Mystic Bla  Conj/Tloc      0%         2d3       100%        4
 Leda's Liquefaction      Hex/Erth       0%         N/A       100%        4
 Olgreb's Toxic Radiance  Pois           0%         N/A       100%        4
 Passage of Golubria      Tloc           0%         N/A       100%        4
 Sticky Flame             Conj/Fire      0%         2d3       100%        4
 Agony                    Necr           0%         N/A       100%        5
 Alistair's Intoxication  Tmut/Pois      0%         N/A       100%        5
 Blade Hands              Tmut           0%         N/A       100%        5
 Freezing Cloud           Conj/Ice/Air   0%         6-21      100%        5
 Irradiate                Conj/Tmut      0%         3d13      100%        5
 Lee's Rapid Deconstruct  Erth           0%         3d5*      100%        5
 Lightning Bolt           Conj/Air       0%         1d11      100%        5
 Silence                  Hex/Air        0%         N/A       100%        5
 Yara's Violent Unravell  Hex/Tmut       0%         3d3       100%        5
 Iron Shot                Conj/Erth      0%         9d1       100%        6
 Starburst                Conj/Fire      0%         6d3       100%        6
 Enfeeble                 Hex            0%         N/A       100%        7
 Ozocubu's Refrigeration  Ice            0%         4d5       100%        7
 Storm Form               Tmut/Air       0%         N/A       100%        7
 Discord                  Hex            0%         N/A       100%        8
 Ignition                 Fire           0%         3d3       100%        8
 Maxwell's Capacitive Co  Air            0%         ∞         100%        8
 Necromutation            Tmut/Necr      0%         N/A       100%        8
 Chain Lightning          Conj/Air       0%         N/A       100%        9
 Death's Door             Necr           0%         N/A       100%        9
 Fire Storm               Conj/Fire      0%         5d1       100%        9
 Shatter                  Erth           0%         3d5*      100%        9
 Summon Small Mammal      Summ           Unusable   N/A       N/A         1
 Call Canine Familiar     Summ           Unusable   N/A       N/A         3
 Summon Guardian Golem    Hex/Summ       Unusable   N/A       N/A         3
 Tukima's Dance           Hex            Unusable   N/A       N/A         3
 Animate Armour           Summ/Erth      Unusable   N/A       N/A         4
 Summon Cactus Giant      Summ           Unusable   N/A       N/A         6

Dungeon Overview and Level Annotations

Branches:
Dungeon (15/15)            Temple (1/1) D:4            Lair (6/6) D:9
 Shoals (0/4) Lair:4        Snake (0/4) Lair:2        Slime (0/5) Lair:5
    Orc (2/2) D:11            Elf (3/3) Orc:2        Vaults (0/5) D:14
 Depths (1/4) D:15          IceCv (visited)         Desolation (visited)

Altars:
Ashenzari
Cheibriados
Elyvilon
Fedhas
Gozag
Hepliaklqana
Kikubaaqudgha
Nemelex Xobeh
Okawaru
Qazlal
Ru
Sif Muna
Trog
Uskayaw
Vehumet
Wu Jian
Xom
Yredelemnul
The Shining One
Jiyva

Shops:
D:5 [   D:10 *   Orc:2 ([:[   Elf:1 =   Elf:3 *

Annotations:
Lair:2 1 runed translucent door, Cancer's ghost, journeyman GrEE
Lair:5 1 runed translucent door
Elf:2 3 runed translucent doors


Innate Abilities, Weirdness & Mutations

You have a pair of horns on your head.
You reflexively headbutt those who attack you in melee.
Your body often deteriorates upon taking damage.
Your flesh is heat resistant. (rF+)
Your system is resistant to poisons. (rPois)
Your movements are slightly less encumbered by armour. (ER -2)


Message History

The cyan very ugly thing basks in the mutagenic energy from its kin and changes!
You carve the cyan very ugly thing like a ham!!!
You kill the cyan very ugly thing!
Okawaru accepts your kill.
You slash the white very ugly thing!
You headbutt the white very ugly thing, but do no damage.
The white very ugly thing is lightly wounded.
You hit the white very ugly thing but do no damage.
The white very ugly thing is lightly wounded.
You closely miss the white very ugly thing.
Your headbutt misses the white very ugly thing.
The white very ugly thing is lightly wounded.
The white very ugly thing tail-slaps you!
The white very ugly thing freezes you!!!
* * * LOW HITPOINT WARNING * * *
Your body deteriorates!
You feel dopey. The ice dragon breathes frost at you.
The blast of cold hits the white very ugly thing.
The white very ugly thing resists.
The blast of cold misses you.
You slice the white very ugly thing!!
The white very ugly thing is heavily wounded.
You block the white very ugly thing's attack.
Okay, then.
Unknown command.
Okay, then.
As you read the scroll of teleportation, it crumbles to dust.
You feel strangely unstable.
The white very ugly thing completely misses you.
You furiously retaliate!
You headbutt the white very ugly thing. You slash the white very ugly thing!
Your headbutt misses the white very ugly thing.
The white very ugly thing is heavily wounded.
You slice the white very ugly thing!!
You headbutt the white very ugly thing, but do no damage.
The white very ugly thing is severely wounded.
You recover from your berserk rage.
The white very ugly thing tail-slaps you.
* * * LOW HITPOINT WARNING * * *
The white very ugly thing freezes you!!!
You die...

.........#
.........#
#######..# #..#
#..# #..# #..#
############
#######≈≈.....)†@#
......#≈.#≈≈≈###u#
......#......#.DC#
......'.##≈..'.>.#
......#......#...#
......#≈.#≈≈≈###)#
......#≈≈........#
......############
#######


You could see a white very ugly thing, an ice dragon and a stone giant.

Vanquished Creatures
  Saint Roka (Orc:2)
  A profane servitor (Abyss:3)
  Rupert (D:14)
  2 deep elf master archers (Elf:3)
  An Executioner (Abyss:3)
  A tentacled starspawn (Abyss:3)
  A frost giant (D:15)
  6 deep elf sorcerers
  Roxanne (Elf:2)
  An iron dragon (Elf:1)
  3 cacodemons (Abyss:3)
  2 orc warlords
  A balrug (Abyss:3)
  2 imperial myrmidons (Desolation)
  3 deep elf elementalists (Elf:3)
  A reaper (IceCv)
  5 very ugly things
  2 war gargoyles (Elf:1)
  2 deep elf demonologists (Elf:3)
  2 stone giants
  10 deep elf annihilators
  3 halazid warlocks (Desolation)
  Nessos (Orc:2)
  A purple draconian (Abyss:2)
  Snorg (D:13)
  A blizzard demon (Abyss:3)
  4 deep elf death magi
  2 great orbs of eyes (Abyss:3)
  A fire dragon (Lair:6)
  5 vault guards (D:14)
  7 deep elf high priests (Elf:3)
  Fannar (Lair:2)
  5 ragged hierophants (Desolation)
  5 peacekeepers (Desolation)
  6 servants of whispers (Desolation)
  Erolcha (D:13)
  3 boulder beetles
  An ogre mage (D:14)
  Erica (D:9)
  7 hydras
  A deep troll shaman (D:15)
  5 centaur warriors
  4 two-headed ogres
  15 dancing weapons
  6 tengu warriors
  A hell hog (Abyss:3)
  An orc high priest (Orc:2)
  2 thrashing horrors (Abyss:3)
  3 sun demons (Abyss:3)
  3 wretched stars (Abyss:3)
  10 deep elf knights
  A sixfirhy (Abyss:3)
  3 skeletal warriors (D:14)
  A glowing orange brain (Depths:1)
  A swamp dragon (Lair:6)
  Pikel (D:4)
  7 deep elf archers
  6 ironbound convokers (Desolation)
  18 deep elf zephyrmancers
  4 orc knights (Orc:2)
  A necromancer (Lair:3)
  A wolf spider (Lair:6)
  13 ugly things
  28 deep elf pyromancers
  An orc sorcerer (Orc:2)
  2 cyclopes
  3 manticores
  10 black mambas
  Joseph (D:8)
  2 ice statues (IceCv)
  14 elephants
  A molten gargoyle (Desolation)
  5 guardian serpents
  A cane toad (shapeshifter) (Elf:1)
  3 smoke demons (Abyss:3)
  An apocalypse crab (Abyss:3)
  An orange demon (Abyss:3)
  14 cane toads
  9 large abominations (Abyss:3)
  9 rime drakes
  An efreet (D:13)
  2 unseen horrors
  A kobold demonologist (D:12)
  6 komodo dragons
  2 yaktaurs
  Psyche (D:8)
  6 ice devils (IceCv)
  A freezing wraith (IceCv)
  3 entropy weaver simulacra (IceCv)
  2 tengu conjurers
  5 anaconda simulacra (IceCv)
  A silent spectre (Abyss:3)
  56 saltlings (Desolation)
  4 trolls
  3 hornets (Lair:6)
  30 blink frogs
  7 slime creatures
  A flying skull (Abyss:3)
  A snapping turtle (Lair:4)
  3 water elementals
  A shadow (D:12)
  An air elemental (Elf:2)
  4 wraiths
  15 wyverns
  2 vampires
  2 dire elephant simulacra (IceCv)
  2 golden eyes (Abyss:3)
  36 yaks
  8 vampire mosquitoes
  A fire elemental (Elf:3)
  2 redbacks (Lair:6)
  3 steam dragons
  4 basilisks
  4 wargs
  Edmund (D:4)
  4 acid dragons
  24 water moccasins
  2 nagas (Lair:2)
  56 orc warriors
  2 ice beasts (D:6)
  A sky beast (D:7)
  3 small abominations
  2 swamp drakes (Lair:6)
  9 black bears
  2 elephant zombies (Lair:3)
  10 ogres
  12 wolves
  13 centaurs
  A lemure (D:4)
  9 kobold brigands
  A necrophage (D:5)
  A gnoll sergeant (D:11)
  12 bullfrogs
  6 earth elementals
  3 scorpions
  18 wights
  6 killer bees (D:8)
  An elephant simulacrum (IceCv)
  4 howler monkeys (D:11)
  6 electric eels
  Crazy Yiuf (D:5)
  8 hounds
  3 jellies (D:6)
  19 orc priests
  A basilisk zombie (Lair:3)
  35 orc wizards
  Natasha (thrice) (D:4)
  7 iguanas
  A wolf simulacrum (IceCv)
  8 gnolls
  4 adders
  2 naga simulacra (IceCv)
  5 shadow imps
  An ufetubus (IceCv)
  3 worms
  4 dart slugs
  108 orcs
  5 bats
  5 endoplasms
  5 giant cockroaches
  5 goblins (D:1)
  6 hobgoblins
  6 quokkas
  11 ball pythons
  3 frilled lizards (D:1)
  7 kobolds
  9 rats
  A butterfly (Lair:1)
1024 creatures vanquished.

Vanquished Creatures (others)
  A saltling (Desolation)
  32 fungi
  99 plants
  2 withered plants (D:2)
134 creatures vanquished.

Grand Total: 1158 creatures vanquished

Notes
Turn   | Place    | Note
-------+----------+-------------------------------------------
     0 | D:1      | frimble the Minotaur Hunter began the quest for the Orb.
     0 | D:1      | Reached XP level 1. HP: 18/18 MP: 0/0
   159 | D:1      | Reached skill level 1 in Stealth
   274 | D:1      | Reached XP level 2. HP: 25/25 MP: 1/1
   692 | D:1      | Reached skill level 3 in Fighting
   740 | D:1      | Reached XP level 3. HP: 31/31 MP: 2/2
  1008 | D:2      | Found a sparkling altar of Nemelex Xobeh.
  1156 | D:2      | Reached skill level 1 in Armour
  1349 | D:2      | Found a faded altar of an unknown god.
  1591 | D:3      | Found a broken altar of Ashenzari.
  1780 | D:3      | Reached XP level 4. HP: 38/38 MP: 3/3
  1915 | D:3      | Found a sacrificial altar of Ru.
  2001 | D:3      | Reached skill level 5 in Ranged Weapons
  2356 | D:4      | Noticed Natasha
  2368 | D:4      | Killed Natasha
  2369 | D:4      | Reached skill level 1 in Long Blades
  2445 | D:4      | Noticed Natasha
  2468 | D:4      | Killed Natasha
  2556 | D:4      | Noticed Natasha
  2558 | D:4      | Killed Natasha
  2559 | D:4      | Reached skill level 1 in Evocations
  2559 | D:4      | Reached XP level 5. HP: 42/46 MP: 4/4
  2726 | D:4      | Reached skill level 4 in Fighting
  2733 | D:4      | Reached XP level 6. HP: 13/52 MP: 5/5
  3028 | D:4      | Found a staircase to the Ecumenical Temple.
  3029 | D:4      | Noticed Edmund
  3041 | D:4      | Killed Edmund
  3074 | D:4      | Noticed Pikel
  3082 | Temple   | Entered the Ecumenical Temple
  3115 | Temple   | Became a worshipper of Warmaster Okawaru
  3139 | D:5      | Entered Level 5 of the Dungeon
  3302 | D:5      | Reached XP level 7. HP: 46/60 MP: 6/6
  3559 | D:5      | Reached skill level 5 in Fighting
  3559 | D:5      | Reached skill level 1 in Invocations
  3662 | D:5      | Got the Compendium of Poison and Unholy Arts
  3830 | D:5      | Reached * piety under Okawaru
  4093 | D:5      | Found Pegehuh's Antique Armour Boutique.
  4291 | D:5      | Bought a fading chain mail for 190 gold pieces
  4291 | D:5      | Identified the +1 chain mail "Jostre" {rCorr} (You bought
                  | it in a shop on level 5 of the Dungeon)
  4316 | D:5      | Found a shimmering altar of Xom.
  4401 | D:5      | Reached XP level 8. HP: 44/68 MP: 8/8
  4655 | D:5      | Found a runed translucent door.
  4656 | D:5      | Noticed Crazy Yiuf
  4899 | D:4      | Killed Pikel
  4899 | D:4      | Reached ** piety under Okawaru
  5138 | D:4      | Reached skill level 6 in Fighting
  5456 | D:5      | Killed Crazy Yiuf
  5501 | D:6      | Reached skill level 5 in Armour
  5665 | D:6      | Reached XP level 9. HP: 69/75 MP: 10/10
  5738 | D:6      | Got the Handbook of Evil Rituals and Moulding
  6169 | D:6      | Reached skill level 5 in Long Blades
  6769 | D:6      | Reached *** piety under Okawaru
  7231 | D:7      | Reached skill level 5 in Dodging
  7771 | D:8      | Noticed Psyche
  7847 | D:8      | Reached skill level 1 in Throwing
  7847 | D:8      | Paralysed by something for 3 turns
  7857 | D:8      | Found an ornate altar of the Wu Jian Council.
  7857 | D:8      | Found a shimmering blue altar of Sif Muna.
  7857 | D:8      | Found a snail-covered altar of Cheibriados.
  7858 | D:8      | Found a glowing golden altar of the Shining One.
  7862 | D:8      | Reached skill level 7 in Fighting
  7868 | D:8      | Killed Psyche
  8185 | D:8      | Reached XP level 10. HP: 76/86 MP: 12/12
  8582 | D:8      | Received a gift from Okawaru
  8614 | D:8      | Noticed Joseph
  8627 | D:8      | Killed Joseph
  8852 | D:8      | Reached skill level 5 in Evocations
  9534 | D:9      | Received a gift from Okawaru
  9631 | D:9      | Noticed Erica
  9641 | D:9      | Killed Erica
  9641 | D:9      | Reached **** piety under Okawaru
 10120 | D:9      | Reached skill level 5 in Invocations
 10508 | D:9      | Reached skill level 8 in Fighting
 10716 | D:9      | Found a staircase to the Lair.
 10962 | D:10     | Entered Level 10 of the Dungeon
 10974 | D:10     | Received a gift from Okawaru
 11016 | D:10     | Found Omnuw's General Store.
 11025 | D:10     | Bought a potion of curing for 33 gold pieces
 11025 | D:10     | Bought a potion of curing for 33 gold pieces
 11025 | D:10     | Bought a scroll of teleportation for 33 gold pieces
 11534 | D:10     | Reached XP level 11. HP: 94/94 MP: 14/14
 12006 | D:10     | You fall into a shaft and drop 1 floor!
 12572 | D:11     | Noticed a brown ugly thing
 12592 | D:11     | Killed a brown ugly thing
 12592 | D:11     | Reached ***** piety under Okawaru
 13420 | D:11     | Received a gift from Okawaru
 13445 | D:11     | Reached skill level 1 in Shields
 13677 | D:11     | Found a staircase to the Orcish Mines.
 13761 | D:12     | Noticed a tengu warrior
 13778 | D:12     | Killed a tengu warrior
 13779 | D:12     | Reached skill level 9 in Fighting
 13807 | D:12     | Noticed a tengu warrior
 13820 | D:13     | Noticed a brown ugly thing
 13824 | D:13     | Killed a brown ugly thing
 13980 | D:12     | Killed a tengu warrior
 13980 | D:12     | Identified the +9 chain mail "Kiaqal" {*Slow Str+6}
                  | (Okawaru gifted it to you on level 12 of the Dungeon)
 13980 | D:12     | Received a gift from Okawaru
 14105 | Lair:1   | Entered Level 1 of the Lair of Beasts
 14113 | Lair:1   | Noticed a six-headed hydra
 14118 | Lair:1   | Reached skill level 5 in Throwing
 14123 | Lair:1   | Killed a one-headed hydra
 14715 | Lair:1   | Reached XP level 12. HP: 91/106 MP: 14/16
 15015 | Lair:1   | Noticed a six-headed hydra
 15019 | Lair:1   | Killed a three-headed hydra
 15427 | Lair:2   | Reached skill level 10 in Fighting
 15807 | Lair:2   | Reached skill level 5 in Shields
 15957 | Lair:2   | Identified the +3 falchion of the Curious Portals {vorpal,
                  | rN+++ Int-4 SInv} (Okawaru gifted it to you on level 2 of
                  | the Lair of Beasts)
 15957 | Lair:2   | Received a gift from Okawaru
 16317 | Lair:2   | Noticed Fannar
 16331 | Lair:2   | Killed Fannar
 16697 | Lair:2   | Found a runed translucent door.
 16703 | Lair:2   | Noticed Cancer's ghost (journeyman GrEE)
 16703 | Lair:2   | Identified the +9 spear "Ungeruj" {flame, rC++ Stlth+}
 16736 | Lair:2   | Found a staircase to the Snake Pit.
 17267 | Lair:3   | Reached skill level 10 in Long Blades
 18016 | Lair:3   | Reached XP level 13. HP: 115/115 MP: 18/18
 18036 | Lair:3   | Reached skill level 11 in Fighting
 18040 | Lair:3   | Reached ****** piety under Okawaru
 18128 | Lair:3   | Received a gift from Okawaru
 19473 | Lair:4   | Found a staircase to the Shoals.
 19909 | Lair:4   | Identified the +0 pair of gloves "Jaitumm" {rF+ Will+}
 20130 | Lair:5   | Found a runed translucent door.
 20131 | Lair:5   | Found a viscous altar of Jiyva.
 20131 | Lair:5   | Noticed an acid blob
 20136 | Lair:5   | Noticed an acid blob
 20136 | Lair:5   | Noticed an acid blob
 20137 | Lair:5   | Found a staircase to the Slime Pits.
 20328 | Lair:5   | Identified the +0 pair of gloves "Itsig" {Will- rCorr Dex-4
                  | Slay+4} (Okawaru gifted it to you on level 5 of the Lair of
                  | Beasts)
 20328 | Lair:5   | Received a gift from Okawaru
 21016 | Lair:6   | Entered Level 6 of the Lair of Beasts
 21108 | Lair:6   | Found a frozen archway.
 21123 | IceCv    | Entered an ice cave
 21760 | IceCv    | Reached skill level 12 in Fighting
 22086 | IceCv    | Reached XP level 14. HP: 41/126 MP: 17/20
 22528 | IceCv    | Noticed a reaper
 22540 | IceCv    | Killed a reaper
 23252 | Lair:6   | Identified the +0 cloak "Lourghitui" {rF- rN++ Str+4
                  | Stlth+}
 23876 | Lair:6   | Reached skill level 10 in Invocations
 24057 | Lair:6   | Received a gift from Okawaru
 24560 | Lair:6   | Reached skill level 10 in Evocations
 24675 | Lair:6   | Found the +8 longbow "Zephyr" {speed, Dex+3 SInv}
 25133 | Orc:1    | Entered Level 1 of the Orcish Mines
 25548 | Orc:2    | Entered Level 2 of the Orcish Mines
 25571 | Orc:2    | Noticed an orc warlord
 25805 | Orc:1    | Killed an orc warlord
 26342 | Orc:2    | Received a gift from Okawaru
 26404 | Orc:2    | Reached skill level 13 in Fighting
 26919 | Orc:2    | Noticed an orc warlord
 26941 | Orc:2    | Killed an orc warlord
 26968 | Orc:2    | Found a staircase to the Elven Halls.
 27121 | Orc:2    | Noticed Saint Roka
 27126 | Orc:2    | Noticed Nessos
 27139 | Orc:2    | Killed Nessos
 27145 | Orc:2    | Reached skill level 10 in Ranged Weapons
 27156 | Orc:2    | Killed Saint Roka
 27157 | Orc:2    | Reached XP level 15. HP: 68/136 MP: 16/21
 27745 | Orc:2    | Found Kowateh's Armour Shop.
 27745 | Orc:2    | Found Hym Koih's Book Shoppe.
 27747 | Orc:2    | Found Doisug's Antique Armour Emporium.
 27749 | Orc:2    | Found Zegedghu's Antique Weapon Boutique.
 27933 | D:12     | Received a gift from Okawaru
 28704 | D:13     | Noticed Snorg
 28715 | D:13     | Killed Snorg
 28901 | D:13     | Noticed Erolcha
 28903 | D:13     | Killed Erolcha
 28904 | D:13     | Reached skill level 14 in Fighting
 29894 | D:14     | Received a gift from Okawaru
 30048 | D:14     | Found a gate to the Vaults.
 30053 | D:14     | Received a gift from Okawaru
 30783 | D:14     | Noticed Rupert
 30795 | D:14     | Killed Rupert
 30928 | D:15     | Entered Level 15 of the Dungeon
 31032 | D:15     | Identified the +2 pair of boots "Siejir" {Int+4 SInv
                  | Stlth+} (Okawaru gifted it to you on level 15 of the
                  | Dungeon)
 31032 | D:15     | Received a gift from Okawaru
 31342 | D:15     | Found a staircase to the Depths.
 31342 | D:15     | Noticed a frost giant
 31350 | D:15     | Killed a frost giant
 31452 | D:15     | Reached skill level 15 in Fighting
 31934 | Elf:1    | Entered Level 1 of the Elven Halls
 31936 | Elf:1    | Identified a scroll of acquirement
 31936 | Elf:1    | Acquired the +3 Elemental Staff {rElec rF++ rC++ AC+5}
 31936 | Elf:1    | Found the +3 Elemental Staff {rElec rF++ rC++ AC+5}
 32123 | Elf:1    | Noticed an iron dragon
 32134 | Elf:1    | Reached skill level 1 in Staves
 32159 | Elf:1    | Killed an iron dragon
 32187 | Elf:1    | Found a crumbling gateway.
 32193 | Elf:1    | Reached XP level 16. HP: 61/149 MP: 22/22
 32209 | Desolati | Entered the Desolation of Salt
 32575 | Arena    | Entered the Arena
 32873 | Desolati | Got the Disquisition on the Excruciating Volcanoes
 32876 | Desolati | Identified the amulet "Zaec" {Acrobat Str+4 Slay+3 Stlth-}
 32910 | Desolati | Identified the +7 plate armour "Kesef" {Str+3}
 33277 | Desolati | Identified the +8 long sword of Grace {elec, Dex+3}
                  | (Okawaru gifted it to you in the Desolation of Salt)
 33277 | Desolati | Received a gift from Okawaru
 33369 | Desolati | Identified the +3 plate armour "Pipin" {Will+}
 33396 | Desolati | Identified the +1 scale mail of Eproatz {Drain rElec rN++
                  | Str+2}
 33624 | Desolati | Reached skill level 5 in Staves
 33642 | Desolati | Got the Handbook of the Floating Glacier
 33967 | Desolati | Identified the ring of Joygeregh {rPois Str+7 Dex+6}
 33992 | Desolati | Identified the +1 leather armour "Onop" {rElec rF+}
 34104 | Desolati | Reached skill level 16 in Fighting
 34749 | Desolati | Reached skill level 15 in Long Blades
 34848 | Desolati | Got the Incunabulum of Venomous Air
 34852 | Desolati | Got the Grimoire of Noxious Curses
 34859 | Desolati | Received a gift from Okawaru
 34871 | Desolati | Identified the amulet of Kikubaaqudgha's Favour {RegenMP
                  | Harm Rampage Stlth-}
 35477 | Abyss:2  | Cast into level 2 of the Abyss (+1 trident of distortion)
 35574 | Abyss:3  | Noticed a profane servitor
 35595 | Abyss:3  | Killed a profane servitor
 35630 | Abyss:3  | Gained mutation: You occasionally lose the ability to drink
                  | potions when taking damage. [a cacodemon]
 35644 | Abyss:3  | Noticed an Executioner
 35661 | Abyss:3  | Killed an Executioner
 35669 | Abyss:3  | Identified the +5 pair of gloves "Qisat" {Will+ Str+2}
                  | (Okawaru gifted it to you on level 3 of the Abyss)
 35669 | Abyss:3  | Received a gift from Okawaru
 35691 | Abyss:3  | Noticed a Hell Sentinel
 35691 | Abyss:3  | Paralysed by a floating eye for 4 turns
 35696 | Abyss:3  | Got an abyssal rune of Zot
 35706 | Abyss:3  | Reached XP level 17. HP: 33/160 MP: 20/23
 35714 | Abyss:3  | Gained mutation: Potions are less effective at restoring
                  | your health. [a shining eye]
 35717 | Abyss:3  | Gained mutation: You occasionally lose the ability to read
                  | scrolls when taking damage. [a shining eye]
 35718 | Abyss:3  | Gained mutation: You sometimes lose the ability to drink
                  | potions when taking damage. [a shining eye]
 35720 | Abyss:3  | Gained mutation: Your body sometimes deteriorates upon
                  | taking damage. [a shining eye]
 35731 | Abyss:3  | Lost mutation: Your body sometimes deteriorates upon taking
                  | damage. [potion of mutation]
 35731 | Abyss:3  | Lost mutation: You occasionally lose the ability to read
                  | scrolls when taking damage. [potion of mutation]
 35731 | Abyss:3  | Gained mutation: Your muscles are strong. (Str +4, Int/Dex
                  | -1) [potion of mutation]
 35732 | Abyss:3  | Lost mutation: You sometimes lose the ability to drink
                  | potions when taking damage. [potion of mutation]
 35732 | Abyss:3  | Lost mutation: Your muscles are strong. (Str +4, Int/Dex
                  | -1) [potion of mutation]
 35732 | Abyss:3  | Gained mutation: You have supernaturally acute eyesight.
                  | (SInv) [potion of mutation]
 35732 | Abyss:3  | Gained mutation: You have large cloven feet. [potion of
                  | mutation]
 35732 | Abyss:3  | Gained mutation: You are strong-willed. (Will+) [potion of
                  | mutation]
 35733 | Abyss:3  | Lost mutation: You are strong-willed. (Will+) [potion of
                  | mutation]
 35733 | Abyss:3  | Lost mutation: You have large cloven feet. [potion of
                  | mutation]
 35733 | Abyss:3  | Lost mutation: Potions are less effective at restoring your
                  | health. [potion of mutation]
 35733 | Abyss:3  | Lost mutation: You have supernaturally acute eyesight.
                  | (SInv) [potion of mutation]
 35733 | Abyss:3  | Gained mutation: You sometimes lose the ability to drink
                  | potions when taking damage. [potion of mutation]
 35733 | Abyss:3  | Gained mutation: You are clumsy. (Dex -2) [potion of
                  | mutation]
 35734 | Abyss:3  | Lost mutation: You are clumsy. (Dex -2) [potion of
                  | mutation]
 35734 | Abyss:3  | Lost mutation: You sometimes lose the ability to drink
                  | potions when taking damage. [potion of mutation]
 35734 | Abyss:3  | Gained mutation: Your flesh is heat resistant. (rF+)
                  | [potion of mutation]
 35734 | Abyss:3  | Gained mutation: Your magical capacity is low. (-10% MP)
                  | [potion of mutation]
 35735 | Abyss:3  | Lost mutation: You occasionally lose the ability to drink
                  | potions when taking damage. [potion of mutation]
 35735 | Abyss:3  | Lost mutation: Your flesh is heat resistant. (rF+) [potion
                  | of mutation]
 35735 | Abyss:3  | Lost mutation: Your magical capacity is low. (-10% MP)
                  | [potion of mutation]
 35735 | Abyss:3  | Gained mutation: You have a pair of large horns on your
                  | head. [potion of mutation]
 35735 | Abyss:3  | Gained mutation: Armour fits poorly on your strangely
                  | shaped body. [potion of mutation]
 35736 | Abyss:3  | Lost mutation: Armour fits poorly on your strangely shaped
                  | body. [potion of mutation]
 35736 | Abyss:3  | Lost mutation: You have a pair of large horns on your head.
                  | [potion of mutation]
 35736 | Abyss:3  | Gained mutation: Your body sometimes deteriorates upon
                  | taking damage. [potion of mutation]
 35736 | Abyss:3  | Gained mutation: You are strong-willed. (Will+) [potion of
                  | mutation]
 35819 | Elf:1    | Escaped the Abyss
 36756 | Elf:1    | Found the +6 shillelagh "Devastator" {shatter}
 37150 | Elf:1    | Found Suolipuo's Jewellery Shop.
 37159 | Elf:1    | Bought the amulet of Yendor {RegenMP rElec} for 528 gold
                  | pieces
 37355 | Elf:1    | Reached skill level 17 in Fighting
 37394 | Abyss:3  | Cast into level 3 of the Abyss (a deep elf sorcerer)
 37601 | Abyss:3  | Reached skill level 15 in Ranged Weapons
 37767 | Elf:2    | Escaped the Abyss
 37772 | Elf:2    | Received a gift from Okawaru
 38723 | Elf:2    | Noticed Roxanne
 38745 | Elf:2    | Killed Roxanne
 38764 | Elf:2    | Learned a level 6 spell: Statue Form
 38783 | Elf:2    | Paralysed by an air elemental for 1 turns
 39401 | Elf:2    | Lost mutation: Your body sometimes deteriorates upon taking
                  | damage. [potion of mutation]
 39401 | Elf:2    | Lost mutation: You are strong-willed. (Will+) [potion of
                  | mutation]
 39401 | Elf:2    | Gained mutation: You are dopey. (Int -2) [potion of
                  | mutation]
 39401 | Elf:2    | Gained mutation: You are partially covered in iridescent
                  | scales. (AC +2) [potion of mutation]
 39475 | Elf:2    | Reached skill level 10 in Shields
 39488 | Elf:2    | Reached skill level 10 in Staves
 39499 | Elf:2    | Found a runed translucent gate.
 39500 | Elf:2    | Found a runed translucent gate.
 39500 | Elf:2    | Found a runed translucent gate.
 39520 | Elf:2    | Noticed a deep elf blademaster
 39550 | Elf:3    | Entered Level 3 of the Elven Halls
 39630 | Elf:3    | Received a gift from Okawaru
 39872 | Elf:3    | Found Wyc Etik's Assorted Antiques.
 40803 | Elf:3    | Noticed a deep elf master archer
 40814 | Elf:3    | Killed a deep elf master archer
 40815 | Elf:3    | Reached skill level 18 in Fighting
 40825 | Elf:3    | Identified the +5 great sword "Sorups" {flame, +Blink rPois
                  | rF+ Dex+2} (Okawaru gifted it to you on level 3 of the
                  | Elven Halls)
 40825 | Elf:3    | Received a gift from Okawaru
 41146 | Elf:3    | Reached XP level 18. HP: 153/172 MP: 24/24
 41753 | Elf:3    | Got the Handbook of Fiery Lightness
 41768 | Elf:3    | Gained mutation: Your body sometimes deteriorates upon
                  | taking damage. [mutagenic glow]
 41788 | Elf:3    | Gained mutation: Your body often deteriorates upon taking
                  | damage. [mutagenic glow]
 41799 | Elf:3    | Gained mutation: Your magical capacity is low. (-10% MP)
                  | [mutagenic glow]
 41814 | Elf:3    | Gained mutation: You have hidden genetic potential.
                  | [mutagenic glow]
 41996 | Elf:3    | Identified the ring of Yrotis {rC- Str+8 Dex+3 SInv}
 42036 | Elf:3    | Identified the ring "Ogub" {rElec Will+}
 42062 | Elf:3    | Received a gift from Okawaru
 42062 | Abyss:3  | Cast into level 3 of the Abyss (a deep elf sorcerer)
 42090 | Abyss:3  | Found a corrupted altar of Lugonu.
 42143 | Elf:3    | Escaped the Abyss
 42314 | Elf:3    | Got Ereshkigal's Reference Book on Conjuration and Black
                  | Arts
 42335 | Elf:3    | Got the Papyrus of the Secret Nightingales
 42338 | Elf:3    | Learned a level 1 spell: Apportation
 42377 | Elf:3    | Identified the ring of the Cuttlefish {rF+ Will+ Dex+5}
 42392 | Elf:3    | Identified the +5 kite shield of the Valley {rPois Regen+
                  | MP+9 Int-4} (Okawaru gifted it to you on level 3 of the
                  | Elven Halls)
 42392 | Elf:3    | Received a gift from Okawaru
 42674 | Elf:3    | Noticed an Ice Fiend
 43090 | Depths:1 | Entered Level 1 of the Depths
 43142 | D:15     | Lost mutation: You are dopey. (Int -2) [potion of mutation]
 43142 | D:15     | Lost mutation: Your magical capacity is low. (-10% MP)
                  | [potion of mutation]
 43142 | D:15     | Gained mutation: Your flesh is heat resistant. (rF+)
                  | [potion of mutation]
 43142 | D:15     | Gained mutation: You are mostly covered in iridescent
                  | scales. (AC +4) [potion of mutation]
 43143 | D:15     | Lost mutation: You have hidden genetic potential. [potion
                  | of mutation]
 43143 | D:15     | Lost mutation: You are mostly covered in iridescent scales.
                  | (AC +4) [potion of mutation]
 43143 | D:15     | Lost mutation: You are partially covered in iridescent
                  | scales. (AC +2) [potion of mutation]
 43143 | D:15     | Gained mutation: Your movements are slightly less
                  | encumbered by armour. (ER -2) [potion of mutation]
 43143 | D:15     | Gained mutation: Your system is resistant to poisons.
                  | (rPois) [potion of mutation]
 43172 | D:15     | Slain by a white very ugly thing

Illustrated notes

Levels and vault maps discovered:
D:1:      minmay_arrival_solitary_statue, layout_loops_corners
D:2:      layout_basic, basic_altar, ebering_ecumenical_altar_petrified
D:3:      layout_basic, mainiacjoe_overflow_paths, nicolae_ashenzari_skybound
D:4:      layout_rooms, minmay_temple_entry_trees, kennysheep_nondescript,
          uniq_edmund, uniq_pikel, uniq_natasha
D:5:      layout_loops_cross, kennysheep_mini_moat, serial_shops,
          nicolae_stop_n_shop_2, uniq_crazy_yiuf_cottage
D:6:      minmay_razor_zed, layout_basic, minmay_misc_feat_diagonals
D:7:      layout_loops_ring
D:8:      layout_basic, minitemple, uniq_joseph, uniq_psyche
D:9:      layout_long_grid, grunt_lair_entry_orc_guard_hut, serial_bayou,
          serial_bayou_crossing, serial_bayou_lake_a, serial_bayou_shore_b,
          serial_bayou_ford_a, serial_bayou_pond_e, serial_bayou_shore_a,
          uniq_erica
D:10:     layout_basic, serial_shops, nicolae_shop_advertising_works
          [nicolae_subvault_shop_adworks]
D:11:     layout_gridville, david_orc_4, st_stairs_4
D:12:     layout_long_grid
D:13:     layout_gridville, uniq_erolcha, uniq_snorg
D:14:     layout_basic, grunt_vaults_entry_fortified, drop_trap, uniq_rupert
D:15:     grunt_enter_depths_snipers, layout_long_grid
Temple:   hellmonk_temple_of_storms
Lair:1:   layout_cellular_growth, nicolae_quartered_pool_super,
          chequers_serial_rivers_micro_d, infiniplex_staircase_pool_2,
          lemuel_fruit_fields, serial_bayou_shore_b, lemuel_fruit_fields
Lair:2:   layout_layer_cave, guppyfry_snake_entry_island,
          ebering_ghost_funeral_grove, uniq_fannar
Lair:3:   pond_and_an_island_with_a_cottage, layout_chaotic_city, serial_forest,
          infiniplex_forest_corner_1, infiniplex_forest_corner_1,
          infiniplex_forest_zigzag_2, infiniplex_forest_straight_4,
          infiniplex_forest_clump_double
Lair:4:   layout_cave_pods, minmay_shoals_entry_hut
Lair:5:   layout_misc_corridors, slime_entry_2
Lair:6:   hangedman_lair_tendril_chambers, layout_regular_city,
          guppyfry_lair_end_dragon, portal_ice_cave_entry_pillars_1,
          serial_bayou_shore_b
Orc:1:    layout_diamond_mine
Orc:2:    st_orc_rangers, layout_caves, elf_legates, uniq_saint_roka,
          uniq_nessos
Elf:1:    minmay_roctagon, layout_geoelf_grid, serial_shops, nicolae_shop_trees,
          portal_desolation_entry_ruin, hangedman_elven_crosses_minicolossus
Elf:2:    nicolae_elf_blades_crystal_corner, layout_rooms,
          corexii_hall_statues_t, grunt_megastairs_5, uniq_roxanne
Elf:3:    minmay_elf_hall_curves, layout_loops_cross, serial_shops,
          nicolae_diamond_shop, kilobyte_mutagenic_chamber
Depths:1: layout_cave_shapes, abyss_entry_flame_altar, serial_rivers,
          chequers_serial_rivers_large_a, chequers_serial_rivers_room_b,
          chequers_serial_rivers_small_b, chequers_serial_rivers_micro_d,
          grunt_mini_vestibule, nicolae_hepliaklqana_monster_ancestors

Skill      XL: |  1  2  3  4  5  6  7  8  9 10 11 12 13 14 15 16 17 18 |
---------------+-------------------------------------------------------+-----
Stealth        | 1 2 3 4 |  4.0
Fighting       | 3 4 5 6 7 8 9 10 12 13 15 16 18 | 18.9
Armour         | 1 2 3 4 5 6 7 8 |  8.0
Ranged Weapons | 5 6 7 10 13 14 15 | 15.1
Long Blades    | 1 2 3 4 6 7 8 10 11 12 13 15 16 | 16.1
Evocations     | 1 2 3 4 5 6 7 9 10 | 10.0
Dodging        | 3 4 5 6 7 |  7.1
Invocations    | 1 3 4 5 6 8 9 10 | 10.0
Throwing       | 1 3 5 7 8 |  8.8
Shields        | 3 6 8 9 11 12 | 12.3
Staves         | 2 7 11 12 | 12.0

Action                   |  1- 3 |  4- 6 |  7- 9 | 10-12 | 13-15 | 16-18 || total
-------------------------+-------+-------+-------+-------+-------+-------++-------
Melee: Long sword        |       |    33 |   260 |    81 |       |       ||   374
       Headbutt          |       |     9 |    59 |   130 |   172 |   126 ||   496
       Punch             |       |       |     6 |    12 |    11 |    12 ||    41
       Scimitar          |       |       |       |   499 |   516 |       ||  1015
       Demon blade       |       |       |       |       |    67 |   347 ||   414
       Eudemon blade     |       |       |       |       |       |    50 ||    50
 Fire: Shortbow          |   129 |    70 |    40 |    42 |       |       ||   281
       Longbow           |       |       |       |       |   731 |   767 ||  1498
Throw: Javelin           |       |       |     4 |     2 |    13 |     6 ||    25
Invok: Heroism           |       |       |     9 |    18 |    35 |    33 ||    95
       Finesse           |       |       |       |       |     6 |     5 ||    11
       Duel              |       |       |       |       |       |     1 ||     1
Evoke: Wand              |       |     2 |     3 |    11 |    22 |     6 ||    44
  Use: Scroll            |     4 |     5 |     7 |     9 |    13 |    11 ||    49
       Potion            |       |     1 |     2 |     2 |     1 |    16 ||    22
 Stab: Paralysed         |       |     8 |       |       |       |       ||     8
       Distracted        |       |       |       |       |     2 |       ||     2
       Confused          |       |       |       |       |     3 |       ||     3
Armor: Leather armour    |    13 |       |       |       |       |       ||    13
       Chain mail        |     9 |    38 |   124 |   301 |   390 |   288 ||  1150
       Skin              |       |     3 |       |       |       |       ||     3
       Ring mail         |       |     9 |    32 |       |       |       ||    41
       Robe              |       |       |       |       |    17 |       ||    17
       Troll leather arm |       |       |       |       |       |     3 ||     3
Dodge: Dodged            |    31 |    32 |   175 |   466 |   725 |   444 ||  1873
Block: Kite shield       |       |       |       |       |       |    47 ||    47

Table legend: (Time is in decaauts)
 A = Elapsed time spent in this place.
 B = Non-inter-level travel time spent in this place.
 C = Inter-level travel time spent in this place.
 D = Time resting spent in this place.
 E = Time spent auto-exploring this place.
 F = Levels seen in this place.
 G = Mean time per level.
                   A        B        C        D        E       F      G
               +--------+--------+--------+--------+--------+-----+--------+
         Total |  42879 |  40866 |   2013 |   2620 |  31703 |  35 | 1225.1 |
       Dungeon |  18561 |  17336 |   1225 |    622 |  14084 |  15 | 1237.4 |
        Temple |     40 |     15 |     25 |      0 |      8 |   1 |   40.0 |
          Lair |   9075 |   8661 |    414 |      0 |   7462 |   6 | 1512.5 |
  Orcish Mines |   2792 |   2625 |    167 |    188 |   1889 |   2 | 1396.0 |
   Elven Halls |   7020 |   6841 |    179 |    536 |   5255 |   3 | 2340.0 |
        Depths |     26 |     26 |      0 |      0 |      0 |   1 |   26.0 |
         Abyss |    714 |    714 |      0 |    223 |    155 |   4 |  178.5 |
      Ice Cave |   1802 |   1802 |      0 |    856 |    649 |   1 | 1802.0 |
    Desolation |   2837 |   2837 |      0 |    195 |   2200 |   1 | 2837.0 |
         Arena |      8 |      8 |      0 |      0 |      0 |   1 |    8.0 |
               +--------+--------+--------+--------+--------+-----+--------+

Top non-repeatable levels by time:
Desolation: 2837 daAuts
   Elf:3: 2791 daAuts
   Elf:1: 2514 daAuts
  Lair:6: 2084 daAuts
     D:9: 1904 daAuts
   IceCv: 1802 daAuts
  Lair:2: 1730 daAuts
   Elf:2: 1714 daAuts
     D:5: 1699 daAuts
    D:10: 1618 daAuts
     D:6: 1558 daAuts
   Orc:2: 1516 daAuts
     D:4: 1486 daAuts
    D:13: 1458 daAuts
  Lair:3: 1441 daAuts
